 Dungeon Crawl Stone Soup version 0.19-a0-1008-g4c63d25 (webtiles) character file.

101 epen the Gusty (level 4, -2/25 HPs)
             Began as a Tengu Air Elementalist on July 22, 2016.
             Slain by HAL9000's ghost (3 damage)
             ... on level 3 of the Dungeon.
             The game lasted 00:05:24 (2590 turns).

epen the Gusty (Tengu Air Elementalist)             Turns: 2590, Time: 00:05:25

Health: -2/25      AC:  2    Str:  8    XL:     4   Next: 75%
Magic:  9/9        EV: 10    Int: 17    God:
Gold:   85         SH:  0    Dex: 14    Spells: 3 memorised, 2 levels left

rFire  + . .     SeeInvis .     (no weapon)
rCold  . . .     Gourm    .     a - +0 robe
rNeg   . . .     Faith    .     (no shield)
rPois  .         Spirit   .     (helmet restricted)
rElec  .         Dismiss  .     (no cloak)
rCorr  .         Reflect  .     (no gloves)
SustAt .         Harm     .     (boots unavailable)
MR     .....                    p - amulet of magic regeneration
Stlth  ++........               o - ring of flight
                                l - ring of protection from fire

@: constricted, not resistant to hostile enchantments, unstealthy
A: beak, talons 3
a: Evoke Flight


You were on level 3 of the Dungeon.
You were not hungry.

You visited 1 branch of the dungeon, and saw 3 of its levels.

You collected 85 gold pieces.

Inventory:

Missiles
 r - 2 throwing nets (quivered)
Armour
 a - a +0 robe (worn)
Jewellery
 l - a ring of protection from fire (left hand)
 o - a ring of flight (right hand)
 p - an amulet of magic regeneration (around neck)
 s - an uncursed amulet of the gourmand
Scrolls
 d - 6 scrolls of remove curse {unknown}
 e - a scroll of teleportation {unknown}
 f - a scroll of amnesia {unknown}
 j - 3 scrolls of identify {unknown}
 k - 2 scrolls of recharging {unknown}
Potions
 h - 2 potions of haste {unknown}
 m - a potion of resistance {unknown}
 n - a potion of ambrosia {unknown}
 q - a potion of brilliance {unknown}
Books
 b - a book of Air

   Spells                             Type                      Level
   a - Shock                          Conjuration/Air              1
   b - Swiftness                      Charms/Air                   2
   c - Repel Missiles                 Charms/Air                   2
   d - Static Discharge               Conjuration/Air              3
   e - Lightning Bolt                 Conjuration/Air              5
Comestibles
 c - 2 bread rations
 g - 2 meat rations
 i - 7 fruits


   Skills:
 + Level 1.0 Fighting
 + Level 2.7 Dodging
 + Level 2.5 Stealth
 * Level 2.7 Spellcasting
 * Level 2.8 Conjurations
 * Level 4.7 Air Magic


You had 2 spell levels left.
You knew the following spells:

 Your Spells              Type           Power        Failure   Level  Hunger
a - Shock                 Conj/Air       ###.         4%          1    #......
b - Repel Missiles        Chrm/Air       ##....       12%         2    ##.....
c - Static Discharge      Conj/Air       ###.....     14%         3    ###....


Dungeon Overview and Level Annotations

Branches:
Dungeon (3/15)

Altars:

Annotations:
D:2 1 runed door
D:3 HAL9000's ghost, amateur OgBe


Innate Abilities, Weirdness & Mutations

You have a beak for a mouth.
You have claws for feet.


Message History

Casting: Shock
Confirm with . or Enter, or press ? or * to list all spells.
HAL9000's ghost is struck by lightning.
HAL9000's ghost is moderately damaged.
The lightning arcs!
You are struck by lightning.
The lightning grounds out.
HAL9000's ghost hits you!
Ouch! That really hurt!
A ball python comes into view.
The ball python hisses angrily.
You closely miss the ball python. You claw the ball python.
The ball python is moderately wounded.
HAL9000's ghost hits you!
* * * LOW HITPOINT WARNING * * *
The ball python completely misses you. The ball python grabs you.
The ball python constricts you.
You barely miss the ball python. Your kick misses the ball python.
The ball python is moderately wounded.
HAL9000's ghost wails, "To die, to sleep, no more."
HAL9000's ghost hits you.
You die...

#...........#........#
#...........##<.......
####.#####.###########
######.#####.#
#.........##.#
#.........##.#
#.........##.#
#.........##S#
#######..###@# ##.#
#W# #.###.# #######
#..##.# #.....#
##.##.# #.....# #..#.#
#.....# ##.#.# #.....#
####...#### #.....#
#.).(....(#


You could see HAL9000's ghost and a ball python.

Vanquished Creatures
  Robin (D:2)
  An adder (D:2)
  3 gnolls (D:2)
  An ooze (D:1)
  A giant gecko (D:1)
  3 orcs (D:3)
  4 giant cockroaches (D:2)
  11 goblins
  2 hobgoblins (D:2)
  2 kobolds
  A quokka (D:2)
  6 bats
  6 giant newts
  3 rats
45 creatures vanquished.

Notes
Turn   | Place    | Note
-------+----------+-------------------------------------------
     0 | D:1      | epen the Tengu Air Elementalist began the quest for the Orb.
     0 | D:1      | Reached XP level 1. HP: 10/10 MP: 4/4
   531 | D:1      | Reached XP level 2. HP: 15/15 MP: 1/6
   838 | D:2      | Noticed Robin
   959 | D:1      | Reached XP level 3. HP: 19/19 MP: 5/7
   963 | D:1      | Learned a level 2 spell: Repel Missiles
   967 | D:1      | Learned a level 3 spell: Static Discharge
  1543 | D:2      | Killed Robin
  1568 | D:2      | Reached XP level 4. HP: 12/24 MP: 0/8
  1851 | D:2      | Found a runed door.
  2348 | D:3      | Reached skill level 1 in Fighting
  2544 | D:3      | Noticed HAL9000's ghost (amateur OgBe)
  2589 | D:3      | HP: 1/25 [HAL9000's ghost (11)]
  2590 | D:3      | Slain by HAL9000's ghost

Vault maps used:
D:1:      scummos_arrival_star
D:2:      uniq_robin, uniq_crazy_yiuf_cottage
D:3:      lemuel_round_altar

Skill      XL: |  1  2  3  4 |
---------------+-------------+-----
Conjurations   | 2 |  2.8
Fighting       | 1 |  1.0
Dodging        | |  2.7
Stealth        | |  2.5
Spellcasting   | |  2.7
Air Magic      | |  4.7

Action                   |  1- 3 |  4- 6 || total
-------------------------+-------+-------++-------
Melee: Unarmed           |    33 |    25 ||    58
       Peck              |     6 |       ||     6
       Kick              |     6 |     6 ||    12
 Cast: Shock             |    45 |    29 ||    74
       Repel Missiles    |     1 |       ||     1
       Static Discharge  |       |     1 ||     1
 Stab: Sleeping          |     1 |     1 ||     2
  Eat: Chunk             |     2 |     4 ||     6
Armor: Robe              |    23 |    12 ||    35
Dodge: Dodged            |    44 |    30 ||    74
       Deflected         |     1 |     1 ||     2
